 Dungeon Crawl Stone Soup version 0.24.0-13-gcf9b319 (webtiles) character file.

Game seed: 4904266414275927349, levelgen mode: deterministic

476 Fortress the Conjurer (level 6, -2/48 HPs)
             Began as a Draconian Conjurer on Feb 6, 2020.
             Slain by a slave (6 damage)
             ... led by Pikel
             ... on level 4 of the Dungeon on Feb 9, 2020.
             The game lasted 00:17:26 (4048 turns).

Fortress the Conjurer (Draconian Conjurer)          Turns: 4048, Time: 00:17:27

Health: -2/48      AC:  9    Str: 10    XL:     6   Next: 84%
Magic:  0/12       EV: 12    Int: 18    God:
Gold:   204        SH:  0    Dex: 11    Spells: 10/13 levels left

rFire    . . .     SeeInvis .   q - +1 flail (protect)
rCold    . . .     Gourm    .   (no shield)
rNeg     . . .     Faith    .   (armour unavailable)
rPois    .         Spirit   .   (helmet restricted)
rElec    .         Reflect  .   g - +1 cloak
rCorr    .         Harm     .   (no gloves)
MR       .....                  d - +0 pair of boots
Stlth    ++........             (no amulet)
HPRegen  0.16/turn              k - ring of wizardry
MPRegen  0.13/turn              (no ring)

@: no status effects
A: unfitting armour, cold-blooded, AC +6
a: no special abilities


You were on level 4 of the Dungeon.
You were hungry.

You visited 1 branch of the dungeon, and saw 4 of its levels.

You collected 204 gold pieces.

Inventory:

Hand Weapons
 a - a +0 dagger
 q - a +1 flail of protection (weapon)
Missiles
 i - 8 poisoned darts (quivered)
Armour
 d - a +0 pair of boots (worn)
 g - a +1 cloak (worn)
Jewellery
 k - a ring of wizardry (left hand)
Wands
 e - a wand of paralysis (10)
Scrolls
 f - 3 scrolls of magic mapping
 n - a scroll of random uselessness {unknown}
 r - a scroll of enchant armour
 s - a scroll of teleportation {unknown}
Potions
 c - a potion of cancellation
 h - a potion of agility
 l - a potion of degeneration {unknown}
 m - a potion of mutation {unknown}
 o - a potion of lignification {unknown}
 p - 2 potions of flight {unknown}
 t - a potion of brilliance {unknown}
Comestibles
 b - 9 rations


   Skills:
 + Level 1.8 Fighting
 - Level 0.2 Short Blades
 - Level 2.1 Dodging
 - Level 2.0 Stealth
 + Level 4.4 Spellcasting
 + Level 6.4 Conjurations


You had 10 spell levels left.
You knew the following spells:

 Your Spells              Type           Power        Failure   Level  Hunger
a - Magic Dart            Conj           ####         1%          1    None
b - Searing Ray           Conj           ####..       1%          2    ##.....

Your spell library contained the following spells:

 Spells                   Type           Power        Failure   Level  Hunger
 Dazzling Spray           Conj/Hex       ###...       4%          3    ###....
 Iskenderun's Mystic Bla  Conj           ####....     4%          4    ####...
 Force Lance              Conj/Tloc      ###.....     16%         4    ####...
 Fulminant Prism          Conj/Hex       ###.......   16%         4    ####...


Dungeon Overview and Level Annotations

Branches:
Dungeon (4/15)
 Temple: D:4-7

Altars:
Ashenzari
Ru

Annotations:
D:4 Pikel


Innate Abilities, Weirdness & Mutations

Your plain brown scales are hard. (AC +6)
You cannot fit into any form of body armour.
You are cold-blooded and may be slowed by cold attacks.


Message History

Casting: Searing Ray (safe; 1% risk of failure)
Confirm with . or Enter, or press ? or * to list all spells.
Aiming: Searing Ray (safe; 1% risk of failure)
Press: ? - help, Shift-Dir - straight line, f - slave
Aim: a slave (moderately wounded)
The searing ray hits the slave!
The slave is heavily wounded. (Press . to maintain the ray.)
The slave hits you but does no damage. The slave closely misses you.
The searing ray hits the slave.
The slave is severely wounded.
The slave barely misses you. x2
The searing ray hits the slave.
The slave is almost dead.
The slave barely misses you. x2
Without enough magic to sustain it, your searing ray dissipates.
The slave hits you!
* * * LOW HITPOINT WARNING * * *
The slave hits you.
You die...

#.. ......... #.......
#..###..$.# #..##...
#....#....# .. ##.####.
#..?.....###... #..# ###
###..#.....# #.#####>.###..
#.<.......####..##.^.......
#.......##..#(...#..#......
#......##......#.<..#......
#..#.)...p@...##...........
#######..p.....###.........
###.....## #.........
###....####.........
##...###...#.........
#.....#..............
##.......##..#....##.
###...##.#.###...#..
#........## #...##


You could see 2 slaves.

Vanquished Creatures
  Edmund (D:4)
  A slave (D:4)
  A vampire bat (D:3)
  An orc priest (D:3)
  3 orc wizards
  5 adders (D:2)
  An ooze (D:3)
  2 worms (D:3)
  A dart slug (D:2)
  3 fire bats (D:3)
  A leopard gecko (D:2)
  7 orcs
  2 spectral bats (D:3)
  17 bats
  A bat simulacrum (D:3)
  3 bat skeletons (D:3)
  A bat zombie (D:3)
  4 giant cockroaches
  5 goblins
  5 hobgoblins
  6 jackals
  2 quokkas (D:3)
  A ball python (D:1)
  4 frilled lizards
  5 kobolds
  7 rats
90 creatures vanquished.

Notes
Turn   | Place    | Note
-------+----------+-------------------------------------------
     0 | D:1      | Fortress the Draconian Conjurer began the quest for the
                  | Orb.
     0 | D:1      | Reached XP level 1. HP: 14/14 MP: 3/3
   306 | D:1      | Reached XP level 2. HP: 20/20 MP: 3/5
   771 | D:2      | Reached XP level 3. HP: 26/26 MP: 0/6
  1477 | D:2      | Reached XP level 4. HP: 34/34 MP: 3/7
  1523 | D:2      | Reached skill level 5 in Conjurations
  1962 | D:3      | Learned a level 2 spell: Searing Ray
  2196 | D:3      | Reached skill level 1 in Fighting
  2204 | D:3      | Reached XP level 5. HP: 40/40 MP: 0/9
  2684 | D:3      | Reached XP level 6. HP: 35/47 MP: 0/11
  2765 | D:3      | Reached skill level 6 in Conjurations
  2863 | D:3      | Found a shattered altar of Ashenzari.
  3102 | D:3      | Found a sacrificial altar of Ru.
  3460 | D:4      | Noticed a slave
  3684 | D:4      | Noticed Edmund
  3735 | D:4      | Killed Edmund
  4011 | D:4      | Noticed a slave
  4011 | D:4      | Noticed a slave
  4012 | D:4      | Noticed Pikel
  4040 | D:4      | Killed a slave
  4048 | D:4      | Slain by a slave

Levels and vault maps discovered:
D:1:      lightli_arrival_maybe_door_vault, layout_rooms,
          chequers_serial_rivers_micro_a
D:2:      layout_basic, grunt_ministairs_1
D:3:      layout_basic, nicolae_ru_the_path_less_chosen, old_standard_altar,
          serial_curves, eino_curves_04, eino_curves_03, first_ration,
          goddamned_bats
D:4:      layout_cave_pools, uniq_pikel, uniq_edmund

Skill      XL: |  1  2  3  4  5  6 |
---------------+-------------------+-----
Dodging        | 2 |  2.1
Stealth        | 2 |  2.0
Conjurations   | 5 6 |  6.4
Fighting       | 1 |  1.8
Spellcasting   | 3 4 |  4.4
Short Blades   | |  0.2

Action                   |  1- 3 |  4- 6 || total
-------------------------+-------+-------++-------
Melee: Dagger            |    52 |    80 ||   132
       Tailslap          |     1 |    16 ||    17
       Flail             |       |     7 ||     7
 Cast: Magic Dart        |    59 |   119 ||   178
       Searing Ray       |       |     9 ||     9
  Use: Scroll            |       |     4 ||     4
       Potion            |       |     3 ||     3
  Eat: Chunk             |     2 |     5 ||     7
       Ration            |       |     1 ||     1
Armor: Skin              |    21 |    61 ||    82
Dodge: Dodged            |    49 |   119 ||   168
